[Event "January 9 Late 2024"]
[Site "https://www.chess.com"]
[Date "2024.01.10"]
[Round "4"]
[White "Peycheva, Gergana"]
[Black "Mena, Martin"]
[Result "1-0"]
[Board "192"]
[TimeControl "180+1"]
[WhiteFideId "2916711"]
[BlackFideId "10651225"]
[WhiteElo "2448"]
[BlackElo "2089"]
[WhiteTeam "BUL"]
[BlackTeam "EGY"]
[WhiteClock "0:00:09"]
[BlackClock "0:00:12"]

1. d4 d5 2. c4 e6 3. Nc3 Nf6 4. cxd5 exd5 5. Bg5 Be7 6. e3 Nbd7 7. Bd3 c6 8. Qc2 O-O 9. Nf3 Re8 10. O-O Nf8 11. h3 Ne4 12. Bxe7 Qxe7 13. Bxe4 dxe4 14. Nd2 f5 15. Nc4 Ng6 16. Ne2 Be6 17. Rab1 Qb4 18. Rfc1 Bxc4 19. Qxc4+ Qxc4 20. Rxc4 Rad8 21. b4 a6 22. a4 Ne7 23. b5 cxb5 24. axb5 a5 25. Rc7 b6 26. Rbc1 Rc8 27. Nf4 Rb8 28. Ra7 Kf7 29. Rcc7 Rbd8 30. Rcb7 Rd6 31. h4 g6 32. Kh2 h6 33. g3 g5 34. hxg5 hxg5 35. Nh3 Rg6 36. Kg2 Kf8 37. Ng1 Rf6 38. Rc7 Nd5 39. Rh7 Kg8 40. Rag7+ Kf8 41. Rxg5 Nc3 42. Nh3 a4 43. Nf4 a3 44. Ng6+ Kg8 45. Rh8+ Kf7 46. Rxe8 Kxe8 47. Ne5 a2 48. Rg8+ Ke7 49. Ra8 Nxb5 50. Rxa2 Nc3 51. Ra7+ Kd6 52. Nc4+ Kc6 53. Ne5+ Kd5 54. Rc7 b5 55. Rxc3 b4 56. Rc5+ Kd6 57. Rb5 Ke7 58. Rxb4 Rd6 59. Rb7+ Kf6 60. Rb6 Ke6 61. Rxd6+ Kxd6 62. Kh3 Ke6 63. g4 Kf6 64. gxf5 Kxf5 65. Kg3 Ke6 66. Kf4 Kd5 67. Kf5 Kd6 68. Kxe4 Ke6 69. f4 Ke7 70. f5 Kf6 71. Ng4+ Ke7 72. Ke5 Ke8 73. f6 Kf8 74. Ke6 Ke8 75. Ne5 Kd8 76. f7 1-0

[Event "January 9 Late 2024"]
[Site "https://www.chess.com"]
[Date "2024.01.09"]
[Round "4"]
[White "Toktomushev, Teimur"]
[Black "Dias, Joao Batista"]
[Result "1-0"]
[Board "193"]
[TimeControl "180+1"]
[WhiteFideId "14176726"]
[BlackFideId "2108240"]
[WhiteElo "2446"]
[BlackElo "2058"]
[WhiteTeam "UKR"]
[BlackTeam "BRA"]
[WhiteClock "0:00:04"]
[BlackClock "0:00:00"]

1. d4 d5 2. c4 c6 3. Nc3 Nf6 4. e3 e6 5. Nf3 Be7 6. Bd3 O-O 7. O-O dxc4 8. Bxc4 b5 9. Bd3 a6 10. e4 Nbd7 11. e5 Nd5 12. Nxd5 cxd5 13. g3 g6 14. h4 f5 15. exf6 Nxf6 16. Bh6 Re8 17. Re1 Qd6 18. Ne5 Bf8 19. Bg5 Bg7 20. Bxf6 Bxf6 21. h5 g5 22. h6 Ra7 23. Qh5 Rf8 24. Rac1 Bd7 25. Ng4 Bxd4 26. Qxg5+ Kh8 27. Re5 Bxe5 28. Nxe5 Be8 29. Rc8 Qe7 30. Qg4 Qf6 31. f4 Qxh6 32. Kg2 Qg7 33. Qh4 Rb7 34. Bxh7 Qxh7 35. Ng6+ Kg7 36. Qxh7+ 1-0

[Event "January 9 Late 2024"]
[Site "https://www.chess.com"]
[Date "2024.01.09"]
[Round "4"]
[White "Keuchel, Destynn"]
[Black "Joie, Sebastien"]
[Result "0-1"]
[Board "194"]
[TimeControl "180+1"]
[WhiteFideId "30923018"]
[BlackFideId "650420"]
[WhiteElo "2085"]
[BlackElo "2445"]
[WhiteTeam "USA"]
[BlackTeam "FRA"]
[WhiteClock "0:01:05"]
[BlackClock "0:00:26"]

1. e4 c5 2. c3 d5 3. exd5 Qxd5 4. Na3 Nc6 5. Nf3 a6 6. Bc4 Qd8 7. O-O Nf6 8. d4 cxd4 9. cxd4 Bg4 10. Qb3 e6 11. Nc2 Na5 12. Qa4+ b5 13. Bxb5+ axb5 14. Qxb5+ Qd7 15. Qg5 Bxf3 16. gxf3 Qc6 17. Bf4 Qxc2 18. Rfc1 Qg6 19. b4 Nb7 20. Rc7 Nd6 21. Qxg6 hxg6 22. a4 Nd5 23. Bxd6 Bxd6 24. Rc4 Bxb4 25. Kf1 O-O 26. Ke2 Rfc8 27. Rxc8+ Rxc8 28. Kd3 Ba5 29. Rb1 Rc3+ 30. Ke4 Ra3 31. Rb8+ Kh7 32. Rb5 Bc7 33. Rc5 f5# 0-1

[Event "January 9 Late 2024"]
[Site "https://www.chess.com"]
[Date "2024.01.09"]
[Round "4"]
[White "Oliveira, Tiago Batista"]
[Black "Bold, Andre"]
[Result "0-1"]
[Board "195"]
[TimeControl "180+1"]
[WhiteFideId "2108291"]
[BlackFideId "16208471"]
[WhiteElo "2035"]
[BlackElo "2445"]
[WhiteTeam "BRA"]
[BlackTeam "GER"]
[WhiteClock "0:00:00"]
[BlackClock "0:00:24"]

1. d4 d5 2. c4 c6 3. Nf3 Nf6 4. Qc2 g6 5. Nc3 Bf5 6. Qb3 Qb6 7. Qxb6 axb6 8. cxd5 Nxd5 9. Nxd5 cxd5 10. e3 Nc6 11. Bb5 Bg7 12. O-O O-O 13. Bd2 Na5 14. b3 Rac8 15. Rfc1 f6 16. Bb4 Kf7 17. h3 Rfd8 18. g4 Be6 19. Ne1 h5 20. f3 hxg4 21. hxg4 Bh6 22. Kf2 Bg5 23. Ng2 Nc6 24. Bd2 f5 25. f4 Bf6 26. g5 Bg7 27. Ne1 Ra8 28. Nf3 Bd7 29. Rh1 Rh8 30. Kg2 Rxh1 31. Kxh1 e6 32. a4 Ke7 33. Nh4 Be8 34. Kg2 Rc8 35. Rc1 Bf7 36. Bb4+ Ke8 37. Nf3 Bf8 38. Bxf8 Kxf8 39. Bxc6 bxc6 40. Ne5 Be8 41. b4 Ke7 42. b5 c5 43. dxc5 bxc5 44. b6 c4 45. a5 Bb5 46. Nxg6+ Kd6 47. Ne5 Ba6 0-1

[Event "January 9 Late 2024"]
[Site "https://www.chess.com"]
[Date "2024.01.09"]
[Round "4"]
[White "Burke, Paul"]
[Black "Mazurkiewicz, Michal"]
[Result "0-1"]
[Board "196"]
[TimeControl "180+1"]
[WhiteFideId "2605767"]
[BlackFideId "1124943"]
[WhiteElo "1885"]
[BlackElo "2445"]
[WhiteTeam "CAN"]
[BlackTeam "POL"]
[WhiteClock "0:01:22"]
[BlackClock "0:01:26"]

1. e4 d6 2. Nc3 Nf6 3. g3 c6 4. Bg2 b5 5. a3 e5 6. d3 Be7 7. Nge2 O-O 8. h3 Nbd7 9. O-O Bb7 10. f4 a5 11. f5 b4 12. axb4 axb4 13. Na4 d5 14. Bg5 h6 15. Bxf6 Nxf6 16. exd5 cxd5 17. b3 Qc7 18. Qd2 Rac8 19. Rfc1 Nd7 20. g4 Bg5 21. Qe1 Be3+ 22. Kh1 Bxc1 23. Rxc1 d4 24. Ng3 Bxg2+ 25. Kxg2 Nf6 26. Qd2 Qc6+ 27. Kh2 e4 28. g5 e3 29. Qe1 hxg5 30. Nb2 Qc3 0-1

[Event "January 9 Late 2024"]
[Site "https://www.chess.com"]
[Date "2024.01.10"]
[Round "4"]
[White "Lima, Stefan Moisei VIeira"]
[Black "Nicula, Marius"]
[Result "1-0"]
[Board "197"]
[TimeControl "180+1"]
[WhiteFideId "22782273"]
[BlackFideId "1203096"]
[WhiteElo "2445"]
[BlackElo "2014"]
[WhiteTeam "BRA"]
[BlackTeam "CAN"]
[WhiteClock "0:00:01"]
[BlackClock "0:00:00"]

1. Nf3 g6 2. e4 Bg7 3. d4 d6 4. Nc3 c6 5. a4 Qc7 6. h3 Nd7 7. Bc4 Ngf6 8. Ba2 O-O 9. O-O b6 10. Re1 e5 11. Qd3 a6 12. Be3 Rb8 13. d5 Nc5 14. Bxc5 bxc5 15. dxc6 Qxc6 16. Nd5 Nxd5 17. Bxd5 Qc7 18. b3 Kh8 19. Nd2 f5 20. a5 Bd7 21. Bc4 Bb5 22. Bxb5 axb5 23. c4 b4 24. Ra2 Ra8 25. Rea1 Ra6 26. Qd5 Rfa8 27. Nf1 fxe4 28. Ne3 Rxa5 29. Qxa8+ Rxa8 30. Rxa8+ Bf8 31. Rxf8+ Kg7 32. Rfa8 Kf6 33. R1a7 Qc6 34. Ng4+ Kg5 35. Rxh7 Qxa8 36. g3 Qa1+ 37. Kg2 Qb2 38. Ne3 Kf6 39. Nd5+ Ke6 40. Re7+ Kf5 41. g4+ Kg5 42. Kg3 1-0

[Event "January 9 Late 2024"]
[Site "https://www.chess.com"]
[Date "2024.01.09"]
[Round "4"]
[White "Antunes, Luciano Justi"]
[Black "Gulamirian, Korun"]
[Result "1-0"]
[Board "198"]
[TimeControl "180+1"]
[WhiteFideId "2126893"]
[BlackFideId "4144899"]
[WhiteElo "2121"]
[BlackElo "1638"]
[WhiteTeam "BRA"]
[BlackTeam "RUS"]
[WhiteClock "0:01:15"]
[BlackClock "0:00:00"]

1. d4 Nf6 2. c4 c5 3. d5 b5 4. Qc2 b4 5. e4 d6 6. Nf3 Nbd7 7. b3 g6 8. Bb2 Bg7 9. Bd3 O-O 10. O-O a5 11. a4 Ng4 12. Bxg7 Kxg7 13. h3 Nge5 14. Nfd2 Nxd3 15. Qxd3 Ne5 16. Qe2 f5 17. f4 Nd7 18. e5 dxe5 19. fxe5 Qc7 20. Nf3 h6 21. e6 Nf6 22. Nbd2 Nh5 23. Rfe1 Rf6 24. Qe5 Qd6 25. Nf1 f4 26. Rad1 g5 27. Qxd6 exd6 28. N1h2 Kg6 29. Ng4 Rf5 30. e7 Bd7 31. Nfe5+ dxe5 32. Nxe5+ Rxe5 33. Rxe5 Re8 34. d6 1-0

[Event "January 9 Late 2024"]
[Site "https://www.chess.com"]
[Date "2024.01.09"]
[Round "4"]
[White "Mohammed, Zozek Salah Mohammed"]
[Black "Coca Cubillos, Jesus Alberto"]
[Result "1-0"]
[Board "199"]
[TimeControl "180+1"]
[WhiteFideId "4803361"]
[BlackFideId "4462912"]
[WhiteElo "2394"]
[BlackElo "2537"]
[WhiteTeam "IRQ"]
[BlackTeam "COL"]
[WhiteClock "0:01:26"]
[BlackClock "0:01:39"]

1. d4 g6 2. Nf3 Bg7 3. g3 Nh6 4. Bg2 O-O 5. O-O Kh8 6. c4 d6 7. Nc3 Nc6 8. e4 Bg4 9. Be3 e5 10. d5 Ne7 11. h3 Nhg8 12. hxg4 Qd7 13. g5 f5 14. gxf6 Rxf6 15. Bg5 Rf7 16. Qd2 Raf8 17. b4 Rxf3 18. Bxf3 Rxf3 19. Kg2 Rf7 20. c5 h6 21. Be3 g5 22. Rh1 Qg4 23. Qe2 Qxe2 24. Nxe2 Bf6 25. cxd6 cxd6 26. Bxa7 Kg7 27. Be3 Ng6 28. a4 Bd8 29. a5 Nf6 30. f3 Rf8 31. b5 Nd7 32. a6 Bb6 33. Bxb6 Nxb6 34. axb7 Rb8 35. Ra7 Nf8 36. Rc1 Kf6 37. Rc6 Ke7 38. Rxb6 1-0

[Event "January 9 Late 2024"]
[Site "https://www.chess.com"]
[Date "2024.01.09"]
[Round "4"]
[White "Bonin, Jay"]
[Black "Grycel, Kamil"]
[Result "1-0"]
[Board "200"]
[TimeControl "180+1"]
[WhiteFideId "2000644"]
[BlackFideId "1115499"]
[WhiteElo "2312"]
[BlackElo "2534"]
[WhiteTeam "USA"]
[BlackTeam "POL"]
[WhiteClock "0:00:43"]
[BlackClock "0:00:00"]

1. d4 d6 2. e4 Nf6 3. Nc3 c6 4. a4 Qc7 5. h3 Nbd7 6. g3 e5 7. Nge2 Be7 8. Bg2 O-O 9. O-O b6 10. Be3 Bb7 11. g4 h6 12. Ng3 Nh7 13. f4 exd4 14. Bxd4 Bf6 15. Nf5 Rad8 16. h4 c5 17. Bxf6 Ndxf6 18. g5 Ne8 19. gxh6 g6 20. Ne3 Qe7 21. Qe1 Nef6 22. f5 Qe5 23. fxg6 fxg6 24. Qe2 Nxe4 25. Nxe4 Bxe4 26. Ng4 Qd4+ 27. Kh2 Bxg2 28. Qxg2 Qxb2 29. Qd5+ Kh8 30. Ra2 Qc3 31. Rxf8+ Rxf8 32. Qxd6 Re8 33. Qd3 Qe1 34. c4 Qe6 35. Qc3+ 1-0

[Event "January 9 Late 2024"]
[Site "https://www.chess.com"]
[Date "2024.01.09"]
[Round "4"]
[White "Skaric, Djuro"]
[Black "Gomes, Luiz Alexandre de Souza"]
[Result "0-1"]
[Board "202"]
[TimeControl "180+1"]
[WhiteFideId "934569"]
[BlackFideId "2102790"]
[WhiteElo "2301"]
[BlackElo "2434"]
[WhiteTeam "SRB"]
[BlackTeam "BRA"]
[WhiteClock "0:01:18"]
[BlackClock "0:00:44"]

1. g3 c6 2. Bg2 d5 3. d3 Nf6 4. Nf3 g6 5. O-O Bg7 6. h3 O-O 7. Nc3 Nbd7 8. e4 e6 9. Nd2 dxe4 10. dxe4 Nc5 11. Nb3 Nxb3 12. axb3 a6 13. Be3 e5 14. f4 exf4 15. gxf4 Nh5 16. Qf3 Qh4 17. Rad1 Be6 18. f5 gxf5 19. exf5 Bc8 20. Qg4 Qxg4 21. hxg4 Nf6 22. g5 Ng4 23. Bc5 Re8 24. f6 Bf8 25. Bb6 Be6 26. Rf4 h6 27. Bf3 h5 28. Kg2 a5 29. Kg3 Ra6 30. Bg1 Bb4 31. Kh4 Ne5 32. Bxh5 Raa8 33. Na4 Rad8 34. Rfd4 Rxd4+ 35. Rxd4 Bf5 36. c3 Bf8 37. Bd1 Ng6+ 38. Kg3 b5 39. Nb6 Bc5 40. Bh5 Bxb6 41. Bxg6 Bxg6 42. Rd1 Bxg1 43. Rxg1 Re2 44. Rg2 Rxg2+ 45. Kxg2 Bc2 46. b4 axb4 47. cxb4 Kh7 48. Kf3 Kg6 49. Kf4 Bd1 50. Ke5 Kxg5 51. Kd6 Bf3 52. Ke7 Kg6 0-1

[Event "January 9 Late 2024"]
[Site "https://www.chess.com"]
[Date "2024.01.09"]
[Round "4"]
[White "Kujawski, Adam"]
[Black "Kovalevsky, Stanislav"]
[Result "1-0"]
[Board "203"]
[TimeControl "180+1"]
[WhiteFideId "1100920"]
[BlackFideId "13508598"]
[WhiteElo "2273"]
[BlackElo "2417"]
[WhiteTeam "POL"]
[BlackTeam "FID"]
[WhiteClock "0:00:14"]
[BlackClock "0:00:09"]

1. Nf3 d5 2. c4 c6 3. e3 Bg4 4. cxd5 Bxf3 5. gxf3 cxd5 6. d4 Nc6 7. Nc3 Nf6 8. Qb3 Qd7 9. Bd2 e6 10. f4 a6 11. Bd3 b5 12. a4 Na5 13. Qa2 b4 14. Ne2 Be7 15. O-O O-O 16. Rac1 Rfc8 17. b3 Ne4 18. Rfd1 Ra7 19. Rxc8+ Qxc8 20. Rc1 Rc7 21. Rxc7 Qxc7 22. Be1 Qc6 23. Qc2 Qxc2 24. Bxc2 Kf8 25. Nc1 Nc6 26. f3 Nd6 27. Nd3 a5 28. Nc5 Ke8 29. Bf2 h6 30. Kf1 Kd8 31. Nd3 Kc7 32. Ne5 Nxe5 33. fxe5 Nc8 34. f4 Nb6 35. Ke2 f5 36. exf6 gxf6 37. h4 Bd6 38. h5 Nd7 39. Bh4 e5 40. fxe5 fxe5 41. Bf5 exd4 42. Bxd7 Kxd7 43. exd4 Bf4 44. Kf3 Bd2 45. Bf6 Bc3 46. Kf4 Ke6 47. Bh8 Bd2+ 48. Kf3 Bc3 49. Be5 Kf5 50. Bc7 Bxd4 51. Bxa5 Bc5 52. Bc7 Ke6 53. a5 Kd7 54. Be5 Kc6 55. Bf4 Bf8 56. Ke3 Kb5 57. Kd4 Kc6 58. Be5 Bc5+ 59. Kd3 Bf8 60. a6 Kb6 61. Kd4 Kxa6 62. Kxd5 Kb5 63. Bd4 Ka5 64. Be3 Kb5 65. Bd4 Ka5 66. Kc4 Ka6 67. Bc5 Bxc5 68. Kxc5 Ka5 69. Kc4 Kb6 70. Kxb4 Kc6 71. Kc4 Kd6 72. b4 Kc6 73. b5+ Kc7 74. Kb4 Kb6 75. Kc4 Kb7 76. Kc5 Kc7 77. b6+ Kb8 78. Kc6 Kc8 79. Kd6 Kb7 80. Ke6 Kxb6 81. Kf6 Kc6 82. Kg6 Kd6 83. Kxh6 Ke7 84. Kg7 Ke6 85. h6 Kf5 86. h7 1-0

[Event "January 9 Late 2024"]
[Site "https://www.chess.com"]
[Date "2024.01.09"]
[Round "4"]
[White "Argandona Riveiro, Inigo"]
[Black "Curtis, John"]
[Result "0-1"]
[Board "204"]
[TimeControl "180+1"]
[WhiteFideId "2212072"]
[BlackFideId "3200256"]
[WhiteElo "2403"]
[BlackElo "2112"]
[WhiteTeam "ESP"]
[BlackTeam "AUS"]
[WhiteClock "0:01:10"]
[BlackClock "0:01:13"]

1. Nf3 d5 2. c4 c6 3. d4 Nf6 4. e3 g6 5. Bd3 Bg7 6. O-O O-O 7. h3 Bf5 8. b3 Bxd3 9. Qxd3 Ne4 10. Nbd2 Nxd2 11. Nxd2 c5 12. Bb2 Nc6 13. Rad1 cxd4 14. cxd5 Qxd5 15. Nf3 e5 16. exd4 e4 17. Qc4 Qxc4 18. bxc4 exf3 19. Ba3 fxg2 20. Kxg2 Bxd4 21. Bxf8 Kxf8 22. Rd3 b6 23. Rfd1 Bc5 24. Rd7 Ne5 25. Rd8+ Rxd8 26. Rxd8+ Ke7 27. Ra8 a5 28. f4 Nxc4 29. Kf3 h5 30. f5 Kf6 31. fxg6 fxg6 32. Ke4 Nd2+ 33. Kd5 Kg5 34. Rd8 Nb1 35. Kc4 Na3+ 36. Kb3 Kh4 37. Rd3 g5 38. Ka4 g4 39. hxg4 hxg4 40. Rd8 g3 41. Rh8+ Kg4 42. Rg8+ Kf3 43. Rg6 g2 44. Rf6+ Ke2 45. Re6+ Kf1 46. Rf6+ Bf2 47. Kxa3 g1=Q 48. Rf3 Qg7 49. Rb3 Bc5+ 50. Ka4 Qd7+ 51. Rb5 Ke2 52. a3 Kd3 0-1

[Event "January 9 Late 2024"]
[Site "https://www.chess.com"]
[Date "2024.01.09"]
[Round "4"]
[White "Panico, Nick"]
[Black "Stachanczyk, Jacek"]
[Result "1/2-1/2"]
[Board "205"]
[TimeControl "180+1"]
[WhiteFideId "2026724"]
[BlackFideId "1116657"]
[WhiteElo "2040"]
[BlackElo "2398"]
[WhiteTeam "USA"]
[BlackTeam "POL"]
[WhiteClock "0:00:51"]
[BlackClock "0:00:50"]

1. d4 d5 2. Bf4 Nf6 3. e3 c5 4. c3 Nc6 5. Nd2 cxd4 6. exd4 Bf5 7. Qb3 Qc8 8. Ngf3 e6 9. h3 h6 10. Bb5 Be7 11. Ne5 O-O 12. O-O Nxe5 13. Bxe5 Ne4 14. Nxe4 Bxe4 15. Rac1 a6 16. Be2 Qd7 17. a4 Rfc8 18. Rfd1 Bg5 19. Ra1 Rc6 20. Re1 Rac8 21. Qd1 Qd8 22. Bd3 Bxd3 23. Qxd3 Qb6 24. Qg3 f6 25. f4 fxe5 26. fxg5 exd4 27. gxh6 dxc3+ 28. Kh1 R8c7 29. bxc3 Rxc3 30. h7+ Kxh7 31. Qg4 Qf2 32. Rf1 Qg3 33. Qxe6 R7c6 34. Qxd5 Rg6 35. Qe4 Qxh3+ 36. Kg1 Rg3 37. Rf2 Qg4 38. Qc2 Rxg2+ 39. Rxg2 Qd4+ 40. Kh2 Qh4+ 41. Kg1 Qd4+ 42. Kh2 Qh4+ 43. Kg1 Qd4+ 1/2-1/2

[Event "January 9 Late 2024"]
[Site "https://www.chess.com"]
[Date "2024.01.09"]
[Round "4"]
[White "Kappeler, Kaspar"]
[Black "Rohan, Ahuja"]
[Result "0-1"]
[Board "206"]
[TimeControl "180+1"]
[WhiteFideId "1309072"]
[BlackFideId "5090598"]
[WhiteElo "2256"]
[BlackElo "2716"]
[WhiteTeam "SUI"]
[BlackTeam "IND"]
[WhiteClock "0:00:13"]
[BlackClock "0:01:54"]

1. c4 g6 2. Nc3 c5 3. Nf3 Bg7 4. g3 Nc6 5. Bg2 d6 6. h4 h5 7. e3 Nh6 8. d4 Bg4 9. dxc5 dxc5 10. Qxd8+ Rxd8 11. O-O Bxc3 12. bxc3 b6 13. a4 f6 14. e4 Nf7 15. Re1 Nfe5 16. Nd2 Nd3 17. f3 Nxe1 18. fxg4 hxg4 19. e5 Nxg2 20. Kxg2 Nxe5 21. a5 Kf7 22. axb6 axb6 23. Ne4 Rd1 24. Nf2 Re1 25. Rb1 f5 26. Kh2 Nf3+ 27. Kg2 Rg1# 0-1

[Event "January 9 Late 2024"]
[Site "https://www.chess.com"]
[Date "2024.01.10"]
[Round "4"]
[White "Rose, Felix"]
[Black "Heberla, Bartlomiej"]
[Result "0-1"]
[Board "207"]
[TimeControl "180+1"]
[WhiteFideId "5105722"]
[BlackFideId "1115120"]
[WhiteElo "2241"]
[BlackElo "2663"]
[WhiteTeam "MEX"]
[BlackTeam "POL"]
[WhiteClock "0:00:05"]
[BlackClock "0:00:15"]

1. e4 e5 2. Nf3 Nc6 3. Bb5 a6 4. Ba4 d6 5. c4 Nf6 6. Nc3 Be7 7. O-O O-O 8. Bxc6 bxc6 9. d4 Nd7 10. dxe5 Nxe5 11. Nxe5 dxe5 12. Qa4 Qe8 13. Be3 Rb8 14. b3 Bb4 15. Rac1 Bd7 16. Rfd1 Qe7 17. Nb1 Rfd8 18. c5 Rb5 19. Qxa6 Bxc5 20. Bxc5 Rxc5 21. Rxc5 Qxc5 22. Na3 g6 23. Nc4 Kg7 24. Qa3 Qxa3 25. Nxa3 Ra8 26. Rxd7 Rxa3 27. Rxc7 Rxa2 28. g3 Rc2 29. b4 Rc4 30. Kg2 Rxe4 31. Rxc6 Rxb4 32. h4 f5 33. Ra6 Rb2 34. Re6 e4 35. Kf1 Kh6 36. Re8 Kh5 37. Re7 Kg4 38. Kg2 Re2 39. Kf1 Kf3 40. Rxh7 Rxf2+ 41. Kg1 Rg2+ 42. Kh1 Rxg3 43. h5 Rh3+ 44. Kg1 Rxh5 45. Rg7 e3 46. Rxg6 e2 47. Re6 f4 48. Re8 Rg5+ 49. Kh2 Kf2 50. Re7 Rh5# 0-1

[Event "January 9 Late 2024"]
[Site "https://www.chess.com"]
[Date "2024.01.09"]
[Round "4"]
[White "Wu, Derek"]
[Black "Rodriguez Dominguez, Melissa"]
[Result "1-0"]
[Board "208"]
[TimeControl "180+1"]
[WhiteFideId "30914558"]
[BlackFideId "3517560"]
[WhiteElo "2661"]
[BlackElo "2240"]
[WhiteTeam "USA"]
[BlackTeam "CUB"]
[WhiteClock "0:01:23"]
[BlackClock "0:00:28"]

1. e4 c5 2. Nf3 e6 3. d4 cxd4 4. Nxd4 Nc6 5. Nc3 Qc7 6. Be3 a6 7. Qf3 Nf6 8. O-O-O Rb8 9. Nxc6 bxc6 10. e5 Nd5 11. Bd4 c5 12. Nxd5 exd5 13. Be3 Qxe5 14. c3 Qe4 15. Qg3 d6 16. Bxc5 Bf5 17. Bd3 Qa4 18. Rhe1+ Kd8 19. Bxf5 Qxa2 20. Ba3 g6 21. Qh4+ Kc7 22. Re7+ Bxe7 23. Qxe7+ Kb6 24. Qxd6+ Ka7 25. Rxd5 gxf5 26. Qc5+ Ka8 27. Qc6+ Rb7 28. Qxa6+ Ra7 29. Qc6+ Rb7 30. Ra5+ Kb8 31. Bd6+ 1-0

[Event "January 9 Late 2024"]
[Site "https://www.chess.com"]
[Date "2024.01.10"]
[Round "4"]
[White "Nouali, Mohamed"]
[Black "Hernandez Jimenez, Alexander Andres"]
[Result "1-0"]
[Board "209"]
[TimeControl "180+1"]
[WhiteFideId "5502462"]
[BlackFideId "3900452"]
[WhiteElo "2541"]
[BlackElo "2238"]
[WhiteTeam "TUN"]
[BlackTeam "VEN"]
[WhiteClock "0:00:47"]
[BlackClock "0:00:03"]

1. c4 c5 2. Nc3 Nc6 3. g3 g6 4. Bg2 Bg7 5. Bf3 e6 6. e3 Nge7 7. Nge2 O-O 8. O-O d5 9. cxd5 Nxd5 10. Bg2 b6 11. a3 Bb7 12. d4 cxd4 13. exd4 Nce7 14. Bg5 f6 15. Bc1 Nxc3 16. bxc3 Bxg2 17. Kxg2 Rc8 18. a4 Qd5+ 19. f3 Nf5 20. a5 Rfd8 21. axb6 axb6 22. Ra7 Rd7 23. Rxd7 Qxd7 24. Qb3 Qc6 25. Nf4 Kf7 26. Re1 Re8 27. Nxe6 Rxe6 28. d5 Qc5 29. dxe6+ Ke8 30. Ba3 Ne3+ 31. Rxe3 Qxe3 32. Qb5+ Kd8 33. Qd7# 1-0

[Event "January 9 Late 2024"]
[Site "https://www.chess.com"]
[Date "2024.01.10"]
[Round "4"]
[White "Wang, Alexander J"]
[Black "Soderstrom, Adrian"]
[Result "0-1"]
[Board "210"]
[TimeControl "180+1"]
[WhiteFideId "30955270"]
[BlackFideId "1745786"]
[WhiteElo "2224"]
[BlackElo "2505"]
[WhiteTeam "USA"]
[BlackTeam "SWE"]
[WhiteClock "0:00:16"]
[BlackClock "0:02:01"]

1. e4 e6 2. d4 d5 3. e5 c5 4. c3 Nc6 5. Nf3 Qb6 6. Be2 cxd4 7. cxd4 Nge7 8. Na3 Nf5 9. Nc2 Bd7 10. O-O Na5 11. Rb1 Bb5 12. Bxb5+ Qxb5 13. Be3 Nc4 14. Re1 Bb4 15. Re2 O-O 16. a3 Be7 17. b3 Nxa3 18. Nxa3 Bxa3 19. Ra1 Bb4 20. Ra4 a5 21. Nd2 Nxe3 22. fxe3 Rfc8 0-1

[Event "January 9 Late 2024"]
[Site "https://www.chess.com"]
[Date "2024.01.09"]
[Round "4"]
[White "Benedetti, Julio"]
[Black "Garcia Correa, Jose Ricardo"]
[Result "1-0"]
[Board "211"]
[TimeControl "180+1"]
[WhiteFideId "172545"]
[BlackFideId "5101832"]
[WhiteElo "2496"]
[BlackElo "2216"]
[WhiteTeam "ARG"]
[BlackTeam "MEX"]
[WhiteClock "0:00:28"]
[BlackClock "0:00:29"]

1. e4 e5 2. Nf3 Nc6 3. Bc4 Bc5 4. d3 d6 5. c3 Qf6 6. Bb3 Nge7 7. Nbd2 h6 8. Nf1 O-O 9. Ng3 Ng6 10. Nh5 Qe7 11. Be3 Bg4 12. Ng3 Nf4 13. Bxf4 exf4 14. Ne2 g5 15. Qd2 a5 16. h4 a4 17. Bc2 Bxf3 18. gxf3 Ne5 19. Ng1 Bb6 20. d4 Ng6 21. hxg5 hxg5 22. O-O-O Kg7 23. Nh3 Rh8 24. Rdg1 f6 25. Qd3 Qf7 26. Kb1 a3 27. Bb3 Qe7 28. bxa3 c5 29. a4 cxd4 30. cxd4 d5 31. exd5 Qb4 32. Nxg5 fxg5 33. Rxh8 Rxh8 34. Rxg5 Rh6 35. Qe4 Bxd4 36. Rg1 Bc5 37. Qe5+ Kf8 38. Qg5 Kg7 39. d6 Bxd6 40. Qf5 Be5 41. Qf7+ Kh8 42. Qg8# 1-0

[Event "January 9 Late 2024"]
[Site "https://www.chess.com"]
[Date "2024.01.09"]
[Round "4"]
[White "Balla, Tamas-Kristof"]
[Black "Svicevic, Rastko"]
[Result "0-1"]
[Board "212"]
[TimeControl "180+1"]
[WhiteFideId "1208497"]
[BlackFideId "916315"]
[WhiteElo "2436"]
[BlackElo "2213"]
[WhiteTeam "ROU"]
[BlackTeam "SRB"]
[WhiteClock "0:00:48"]
[BlackClock "0:00:05"]

1. e4 b6 2. d4 Bb7 3. Bd3 g6 4. Nc3 Bg7 5. Be3 h5 6. f4 Nf6 7. Nf3 d5 8. e5 Ng4 9. Qe2 Nxe3 10. Qxe3 e6 11. Ng5 Ba6 12. O-O Bxd3 13. Qxd3 O-O 14. Nd1 c5 15. c3 Nc6 16. Ne3 cxd4 17. cxd4 Qe7 18. a3 Rac8 19. h4 Na5 20. f5 gxf5 21. Qe2 Bh6 22. Nxf5 exf5 23. Rxf5 Rc6 24. Qxh5 Bxg5 25. Rxg5+ Rg6 26. Rxg6+ fxg6 27. Qxg6+ Qg7 28. Qd6 Qf7 29. Kh1 Nc4 30. Qh6 Qg7 31. Qh5 Ne3 32. Rg1 Qg3 33. e6 Nxg2 34. Qf7+ Rxf7 35. exf7+ Kxf7 36. Rxg2 Qxh4+ 37. Kg1 Qxd4+ 38. Kf1 Qd3+ 39. Ke1 Kf6 40. Rf2+ Ke5 41. Re2+ Kf4 42. Rd2 Qb1+ 43. Ke2 Qe4+ 44. Kd1 d4 45. b4 d3 46. a4 Ke3 47. Rh2 Qxb4 48. Rh3+ Kd4 49. Rh4+ Kc3 50. Rxb4 Kxb4 51. Kd2 Kc4 52. a5 bxa5 53. Kc1 a4 54. Kb2 a3+ 55. Ka2 d2 56. Kxa3 d1=Q 57. Kb2 Qd2+ 58. Ka3 Qb4+ 59. Ka2 Kc3 60. Ka1 Qb2# 0-1

[Event "January 9 Late 2024"]
[Site "https://www.chess.com"]
[Date "2024.01.09"]
[Round "4"]
[White "Sukandar, Irine Kharisma"]
[Black "Bokros, Albert"]
[Result "1-0"]
[Board "213"]
[TimeControl "180+1"]
[WhiteFideId "7101937"]
[BlackFideId "710458"]
[WhiteElo "2427"]
[BlackElo "2207"]
[WhiteTeam "INA"]
[BlackTeam "HUN"]
[WhiteClock "0:01:12"]
[BlackClock "0:01:08"]

1. d4 d5 2. Bf4 Nf6 3. e3 c5 4. Nf3 Nc6 5. Nc3 Bf5 6. dxc5 e6 7. Nb5 Rc8 8. Bd6 a6 9. Bxf8 axb5 10. Bxg7 Rg8 11. Bh6 Nb4 12. Bxb5+ Ke7 13. Nd4 Rxc5 14. Nxf5+ exf5 15. Ba4 Rxg2 16. Qd4 Nxc2+ 17. Bxc2 Rxc2 18. Qe5+ Kd7 19. Qxf5+ Ke7 20. Qxc2 Ne4 21. O-O-O Nxf2 22. Rd2 Nxh1 23. Rxg2 Qd6 24. Bg5+ f6 1-0

[Event "January 9 Late 2024"]
[Site "https://www.chess.com"]
[Date "2024.01.09"]
[Round "4"]
[White "Cardozo Munar, Carlos Eduardo"]
[Black "Korkmaz, Necmettin"]
[Result "1-0"]
[Board "214"]
[TimeControl "180+1"]
[WhiteFideId "4409477"]
[BlackFideId "6303285"]
[WhiteElo "2205"]
[BlackElo "2426"]
[WhiteTeam "COL"]
[BlackTeam "TUR"]
[WhiteClock "0:01:09"]
[BlackClock "0:01:26"]

1. g3 d5 2. Bg2 Nf6 3. Nf3 g6 4. O-O Bg7 5. d4 O-O 6. c3 c5 7. Nbd2 cxd4 8. Re1 dxc3 9. bxc3 Ne4 10. Nxe4 dxe4 11. Qxd8 Rxd8 12. Nd4 f5 13. e3 Nc6 14. Ba3 Kf7 15. Bf1 Nxd4 16. cxd4 Be6 17. Rec1 Rac8 18. h4 Bd5 19. Bc5 b6 20. Bb4 e5 21. dxe5 Bxe5 22. Rxc8 Rxc8 23. Rd1 Ke6 24. Bb5 Rc2 25. a3 Rb2 26. Bd7+ Kxd7 27. Rxd5+ Kc6 28. Rxe5 a5 29. Bf8 b5 30. Re7 b4 31. axb4 axb4 32. Rxh7 b3 33. Bg7 Rb1+ 34. Kg2 b2 35. Bxb2 Rxb2 36. Rh6 Kd5 37. Rxg6 Ke5 38. h5 Rb8 39. h6 Rh8 40. Kh3 Rb8 41. Kh4 Rb1 42. Kg5 Rh1 43. Rf6 Kd5 44. Rxf5+ Kc4 45. Kg6 Kd3 1-0